 Dungeon Crawl Stone Soup version 0.26.1-11-gd32895ea62 (webtiles) character file.

Game seed: 1543752963575991629

896 tizbic2 the Magician (level 8, -3/35 HPs)
             Began as a Vine Stalker Transmuter on June 26, 2021.
             Was a Follower of Hepliaklqana.
             Killed from afar by a manticore (13 damage)
             ... with a volley of spikes
             ... on level 6 of the Dungeon.
             The game lasted 00:34:26 (4467 turns).

tizbic2 the Magician (Vine Stalker Transmuter)      Turns: 4467, Time: 00:34:26

Health: -3/35      AC:  7    Str: 19    XL:     8   Next: 7%
Magic:  0/16       EV: 12    Int: 13    God:    Hepliaklqana [*.....]
Gold:   299        SH:  0    Dex: 15    Spells: 12/16 levels left

rFire    . . .     SeeInvis .   D - +3 short sword (venom)
rCold    . . .     Faith    .   (no shield)
rNeg     . . .     Spirit   +   g - +0 ring mail
rPois    +         Reflect  .   (no helmet)
rElec    .         Harm     .   k - +0 cloak
rCorr    .         Rampage  .   (no gloves)
Will     +....                  u - +0 pair of boots
Stlth    +.........             (no amulet)
HPRegen  0.51/turn              h - ring of poison resistance
MPRegen  0.15/turn              n - +6 ring of strength

@: barbed spikes
A: reduced essence, fangs 3, regeneration 1, weak 1, magic shield, antimagic
bite, no potion heal 3
a: Renounce Religion, Recall Ancestor, Ancestor Identity


You were on level 6 of the Dungeon.
You worshipped Hepliaklqana.
Hepliaklqana was aware of your devotion.
You visited 1 branch of the dungeon, and saw 6 of its levels.

You collected 299 gold pieces.

Inventory:

Hand Weapons
 m - a +1 vorpal falchion
 r - a +2 hunting sling of freezing
 D - a +3 short sword of venom (weapon)
Missiles
 q - 127 stones
Armour
 a - a +0 plate armour
 e - a +0 scale mail
 f - a +2 robe of willpower
 g - a +0 ring mail (worn)
 k - a +0 cloak (worn)
 u - a +0 pair of boots (worn)
Jewellery
 h - a ring of poison resistance (left hand)
 n - a +6 ring of strength (right hand)
 B - an uncursed ring of fire
 C - a cursed amulet of inaccuracy {unknown}
Wands
 w - a wand of iceblast (8)
 y - a wand of digging (4)
Scrolls
 b - a scroll of identify
 j - 9 scrolls of teleportation
 o - a scroll of fear {unknown}
 p - a scroll of magic mapping
 t - 2 scrolls of noise {unknown}
 v - 2 scrolls of amnesia {unknown}
Potions
 c - 5 potions of curing {unknown}
 d - 2 potions of degeneration {unknown}
 i - 2 potions of flight {unknown}
 l - a potion of cancellation {unknown}
 s - a potion of heal wounds {unknown}
 x - a potion of magic {unknown}
 z - a potion of might
 A - a potion of berserk rage {unknown}


   Skills:
 + Level 2.2 Fighting
 + Level 2.3(2.8) Short Blades
 + Level 2.2(2.7) Long Blades
 + Level 1.0 Slings
 + Level 1.5 Armour
 * Level 3.0 Dodging
 + Level 4.4 Unarmed Combat
 * Level 4.7 Spellcasting
 + Level 3.6 Transmutations
 + Level 0.2 Poison Magic


You had 12 spell levels left.
You knew the following spells:

 Your Spells              Type           Power        Failure   Level
a - Beastly Appendage     Tmut           24%          8%          1
b - Spider Form           Tmut/Pois      4%           41%         3

Your spell library contained the following spells:

 Spells                   Type           Power        Failure   Level
 Wereblood                Tmut           12%          11%         2
 Ice Form                 Ice/Tmut       7%           83%         4
 Blade Hands              Tmut           6%           90%         5


Dungeon Overview and Level Annotations

Branches:
Dungeon (6/15)             Temple (0/1) D:5

Altars:
Hepliaklqana
Makhleb
Trog

Annotations:
D:3 3 runed translucent doors, dtburroughs's ghost, amateur MiBe
D:6 Prince Ribbit


Innate Abilities, Weirdness & Mutations

You have razor-sharp teeth.
Your natural rate of healing is unusually fast.
When hurt, damage is shared between your health and your magic reserves.
Your bite disrupts and absorbs the magic of your enemies.
Potions cannot restore your health.
Your life essence is reduced to manifest your ancestor. (-10% HP)
You are weak. (Str -2)


Message History

Your horns disappear.
Your talons disappear.
Your +0 pair of boots unmelds from your body.
Press: ? - help, . - travel You can't see that place. [a closed door.]
You swap places.
As you open the door, it creaks loudly!
You hit the manticore.
The manticore is poisoned.
You bite the manticore. You drain its power.
The manticore is moderately wounded.
The manticore bites you!! The manticore misses you. The manticore claws you!
Cuetlachtli hits the manticore.
You swap places.
The manticore bites you!
* * * LOW HITPOINT WARNING * * *
The manticore claws you but does no damage.
The manticore closely misses you.
Cuetlachtli hits the manticore.
The manticore flicks its tail.
The volley of spikes hits you!
The barbed spikes become lodged in your body.
You die...

#..#..#..#..#
#.....#.....#
#.....#....Z#
######################
.....[...............#
.....................#
####################.#
#.....#.....#......#.#
#.....#.....#...@.R#.#
#..#..#..#..#..###H#.#
#..#..#..#..#..# )=#.#
...#.....#.....#.|.#.#
...#.....#.....#:)(#.#
####################.#
#...................#
#####..######.#######
#.....# #.#


You could see the friendly Cuetlachtli the ancestor, a manticore (very poisoned)
and a quokka zombie.

Vanquished Creatures
  Edmund (D:6)
  A sky beast (D:6)
  An ogre (D:5)
  A bullfrog zombie (D:5)
  A hound (D:3)
  A jelly (D:6)
  An orc priest (D:3)
  An orc wizard (D:5)
  An iguana (D:5)
  3 worker ants
  5 adders
  A shadow imp (D:6)
  An ufetubus (D:6)
  An ooze (D:1)
  An adder skeleton (D:4)
  4 worms
  A dart slug (D:2)
  4 leopard geckos
  5 orcs
  3 giant cockroaches
  5 goblins
  8 hobgoblins
  4 jackals (D:3)
  2 ball pythons (D:1)
  6 bats
  2 frilled lizards
  A jackal skeleton (D:4)
  7 kobolds
  A quokka skeleton (D:5)
  5 rats
79 creatures vanquished.

Vanquished Creatures (collateral kills)
  A sky beast (D:5)
  A centaur zombie (D:5)
  An orc priest (D:5)
  An orc wizard (D:3)
  An adder (D:2)
  A howler monkey skeleton (D:5)
  A worm (D:3)
  7 orcs
  A giant cockroach (D:2)
15 creatures vanquished.

Vanquished Creatures (others)
  4 plants (D:2)
4 creatures vanquished.

Grand Total: 98 creatures vanquished

Notes
Turn   | Place    | Note
-------+----------+-------------------------------------------
     0 | D:1      | tizbic2 the Vine Stalker Transmuter began the quest for the
                  | Orb.
     0 | D:1      | Reached XP level 1. HP: 9/9 MP: 4/4
   302 | D:1      | Reached XP level 2. HP: 7/14 MP: 4/6
   815 | D:2      | Reached XP level 3. HP: 16/17 MP: 4/7
   827 | D:2      | Learned a level 3 spell: Spider Form
   915 | D:2      | Found a hazy altar of Hepliaklqana.
   925 | D:2      | Became a worshipper of Hepliaklqana the Forgotten
  1238 | D:2      | Gained mutation: Your natural rate of healing is unusually
                  | fast. [Vine Stalker growth]
  1238 | D:2      | Reached XP level 4. HP: 13/18 MP: 9/9
  1951 | D:3      | Found a runed translucent gate.
  1954 | D:3      | Found a runed translucent gate.
  1955 | D:3      | Found a runed translucent gate.
  1986 | D:3      | Noticed dtburroughs's ghost (amateur MiBe)
  2021 | D:3      | Reached XP level 5. HP: 22/22 MP: 7/10
  2194 | D:3      | Reached skill level 1 in Armour
  2438 | D:3      | Found a burning altar of Makhleb.
  2532 | D:3      | Reached skill level 1 in Fighting
  3016 | D:4      | Reached * piety under Hepliaklqana
  3034 | D:4      | Reached XP level 6. HP: 22/27 MP: 10/12
  3121 | D:4      | Found a bloodstained altar of Trog.
  3166 | D:4      | Gained mutation: You are weak. (Str -2) [mutagenic glow]
  3601 | D:4      | Reached skill level 1 in Long Blades
  3627 | D:5      | Entered Level 5 of the Dungeon
  3627 | D:5      | Noticed a sky beast
  3645 | D:5      | Killed a sky beast
  3800 | D:5      | Reached XP level 7. HP: 14/29 MP: 10/13
  3952 | D:5      | Reached skill level 1 in Short Blades
  4089 | D:5      | Found a staircase to the Ecumenical Temple.
  4217 | D:6      | Noticed Prince Ribbit
  4303 | D:6      | Reached skill level 1 in Slings
  4364 | D:6      | Noticed Edmund
  4380 | D:6      | Killed Edmund
  4427 | D:6      | Gained mutation: You have razor-sharp teeth. [Vine Stalker
                  | growth]
  4427 | D:6      | Reached XP level 8. HP: 32/35 MP: 9/15
  4450 | D:6      | Noticed a yak
  4450 | D:6      | Noticed a manticore
  4467 | D:6      | Killed from afar by a manticore

Illustrated notes

Levels and vault maps discovered:
D:1:      dpeg_arrival_signposts, layout_loops_ring
D:2:      layout_basic, overflow_temple_1_default, serial_bayou_ford_a
D:3:      layout_basic, makhleb_heckhound_becter, gammafunk_ghost_necromancy,
          lemuel_flame_loot_1
D:4:      layout_rooms, bloody_trog
D:5:      layout_basic, temple_statues, minmay_misc_feat_rows
D:6:      kennysheep_windowed_halls, layout_basic,
          grunt_temple_overflow_holy_war, kennysheep_dice, uniq_prince_ribbit1,
          uniq_edmund, uniq_maggie

Skill      XL: |  1  2  3  4  5  6  7  8 |
---------------+-------------------------+-----
Unarmed Combat | 4 |  4.4
Dodging        | 2 3 |  3.0
Spellcasting   | 3 4 |  4.7
Transmutations | 3 |  3.6
Armour         | 1 |  1.5
Fighting       | 1 2 |  2.2
Long Blades    | 1 2 |  2.2
Short Blades   | 2 |  2.3
Slings         | 1 |  1.0
Poison Magic   | |  0.2

Action                   |  1- 3 |  4- 6 |  7- 9 || total
-------------------------+-------+-------+-------++-------
Melee: Unarmed           |    57 |    49 |     3 ||   109
       Bite              |    13 |    24 |     8 ||    45
       Kick              |     8 |    19 |    11 ||    38
       Headbutt          |     7 |     7 |     5 ||    19
       Punch             |     1 |     1 |       ||     2
       Falchion          |       |    29 |     3 ||    32
       Dagger            |       |    33 |       ||    33
       Hunting sling     |       |     1 |       ||     1
       Short sword       |       |       |    30 ||    30
 Fire: Hunting sling     |       |     5 |     1 ||     6
 Cast: Beastly Appendage |    23 |    18 |     8 ||    49
       Spider Form       |     1 |     2 |     1 ||     4
Invok: Ancestor Identity |     1 |       |       ||     1
       Recall Ancestor   |       |       |     1 ||     1
  Use: Scroll            |     2 |     7 |       ||     9
       Potion            |       |     1 |       ||     1
 Stab: Sleeping          |       |     3 |       ||     3
Armor: Ring mail         |     2 |       |    11 ||    13
       Robe              |     3 |    35 |       ||    38
       Skin              |       |     1 |       ||     1
Dodge: Dodged            |    32 |    87 |    31 ||   150
       Rpst.: Falchion   |       |     6 |     1 ||     7
